 Dungeon Crawl Stone Soup version 0.27.1-1-g398f81649c (webtiles) character file.

Game seed: 9737161169379287424

61 MisterFreud the Shield-Bearer (level 4, -2/41 HPs)
             Began as a Gnoll Fighter on Sept 8, 2021.
             Slain by a scorpion (8 damage)
             ... on level 3 of the Dungeon.
             The game lasted 00:01:25 (1256 turns).

MisterFreud the Shield-Bearer (Gnoll Fighter)       Turns: 1256, Time: 00:01:26

Health: -2/41      AC:  7    Str: 15    XL:     4   Next: 7%
Magic:  5/5        EV:  8    Int:  9    God:
Gold:   45         SH: 10    Dex: 11    Spells: 5/5 levels left

rFire    . . .     SeeInvis .   a - +0 rapier
rCold    . . .     Faith    .   c - +0 kite shield
rNeg     . . .     Spirit   .   b - +0 scale mail
rPois    .         Reflect  .   (no helmet)
rElec    .         Harm     .   (no cloak)
rCorr    .         Rampage  .   (no gloves)
Will     .....                  (no boots)
Stlth    ..........             (no amulet)
HPRegen  0.13/turn              (no ring)
MPRegen  0.09/turn              (no ring)

@: mighty, lethally poisoned (-2 -> -5)
A: fangs 1, strong nose, distributed training
a: no special abilities


You were on level 3 of the Dungeon.
You visited 1 branch of the dungeon, and saw 3 of its levels.

You collected 45 gold pieces.

Inventory:

Hand Weapons
 a - a +0 rapier (weapon)
Armour
 b - a +0 scale mail (worn)
 c - a +0 kite shield (worn)
Scrolls
 e - 2 scrolls of teleportation {unknown}
 f - a scroll of enchant armour {unknown}
 g - a scroll of magic mapping {unknown}


   Skills:
 + Level 6.5 Fighting
 + Level 4.6 Short Blades
 + Level 1.0 Long Blades
 + Level 1.0 Axes
 + Level 1.0 Maces & Flails
 + Level 1.0 Polearms
 + Level 1.0 Staves
 + Level 1.0 Slings
 + Level 1.0 Bows
 + Level 1.0 Crossbows
 + Level 1.0 Throwing
 + Level 6.5 Armour
 + Level 1.0 Dodging
 + Level 1.0 Stealth
 + Level 6.5 Shields
 + Level 1.0 Unarmed Combat
 + Level 1.0 Spellcasting
 + Level 0.7 Conjurations
 + Level 0.7 Hexes
 + Level 0.7 Summonings
 + Level 0.7 Necromancy
 + Level 0.7 Translocations
 + Level 0.7 Transmutations
 + Level 0.7 Fire Magic
 + Level 0.7 Ice Magic
 + Level 0.7 Air Magic
 + Level 0.7 Earth Magic
 + Level 0.7 Poison Magic
 + Level 1.1 Invocations
 + Level 1.0 Evocations


You had 5 spell levels left.
You didn't know any spells.
Your spell library was empty.

Dungeon Overview and Level Annotations

Branches:
Dungeon (2/15)

Altars:


Innate Abilities, Weirdness & Mutations

You have very sharp teeth.
Your uncanny sense of smell can sniff out nearby items.
Your experience applies equally to all skills.


Message History

You hit the scorpion.
The scorpion is lightly wounded.
The scorpion stings you but does no damage.
The scorpion stings you.
You are poisoned.
The scorpion poisons you!
You hit the endoplasm but do no damage.
You bite the endoplasm, but do no damage.
You feel very sick. The endoplasm freezes you.
You are frozen.
You block the scorpion's attack.
You puncture the endoplasm!
You kill the endoplasm!
You feel very sick. You block the scorpion's attack.
You feel sick.
You aren't carrying any items that you can evoke.
You barely miss the scorpion.
The scorpion is lightly wounded.
You feel sick. You block the scorpion's attack. The scorpion stings you.
You are more poisoned.
The scorpion poisons you!
You hit the scorpion.
The scorpion is moderately wounded.
You feel very sick. You block the scorpion's attack.
Your shield and scale mail prevent you from hitting the scorpion.
The scorpion is moderately wounded.
You feel sick. You block the scorpion's attack. The scorpion stings you.
* * * LOW HITPOINT WARNING * * *
You barely miss the scorpion.
The scorpion is moderately wounded.
You feel sick. You block the scorpion's attack.
You hit the scorpion.
The scorpion is heavily wounded.
You feel sick.
The scorpion stings you but does no damage.
You feel very mighty all of a sudden.
You feel sick. You block the scorpion's attack. The scorpion stings you!
You die...

### #... ####..#
.....# >.... #
#..# .
###.##..######..=#
.......Jgs@....#
##.##.S####.#...#
##.##..## # #
#.#....J..# ∆
#......##.#
#....†....#
..........##
####...##J# #..#
.⌠


You could see a scorpion, an endoplasm, a goblin and a ball python.

Vanquished Creatures
  2 adders
  6 bats
  8 endoplasms
  3 giant cockroaches (D:1)
  4 hobgoblins
  A quokka (D:1)
  5 ball pythons
  2 frilled lizards
  A goblin (D:1)
  4 kobolds
  3 rats
39 creatures vanquished.

Notes
Turn   | Place    | Note
-------+----------+-------------------------------------------
     0 | D:1      | MisterFreud the Gnoll Fighter began the quest for the Orb.
     0 | D:1      | Reached XP level 1. HP: 23/23 MP: 1/1
   238 | D:1      | Reached XP level 2. HP: 29/29 MP: 2/2
   577 | D:1      | Reached XP level 3. HP: 26/35 MP: 3/3
  1024 | D:2      | Reached skill level 1 in Invocations
  1233 | D:2      | Reached skill level 1 in Long Blades
  1233 | D:2      | Reached skill level 1 in Axes
  1233 | D:2      | Reached skill level 1 in Maces & Flails
  1233 | D:2      | Reached skill level 1 in Polearms
  1233 | D:2      | Reached skill level 1 in Staves
  1233 | D:2      | Reached skill level 1 in Slings
  1233 | D:2      | Reached skill level 1 in Bows
  1233 | D:2      | Reached skill level 1 in Crossbows
  1233 | D:2      | Reached skill level 1 in Throwing
  1233 | D:2      | Reached skill level 1 in Dodging
  1233 | D:2      | Reached skill level 1 in Stealth
  1233 | D:2      | Reached skill level 1 in Unarmed Combat
  1233 | D:2      | Reached skill level 1 in Spellcasting
  1233 | D:2      | Reached skill level 1 in Evocations
  1237 | D:2      | You fall into a shaft and drop 1 floor!
  1238 | D:3      | Noticed a scorpion
  1242 | D:3      | Reached XP level 4. HP: 41/41 MP: 5/5
  1256 | D:3      | Slain by a scorpion

Illustrated notes

Levels and vault maps discovered:
D:1:      nicolae_arrival_memento_mori, layout_loops_ring, minmay_domino_2
D:2:      layout_basic, shapermc_ecumenical_altar_acropolis, uniq_natasha
D:3:      due_chaos_kobolds, layout_loops_ring, xom_redecorated

Skill      XL: |  1  2  3 |
---------------+----------+-----
Invocations    | 1 |  1.1
Long Blades    | 1 |  1.0
Axes           | 1 |  1.0
Maces & Flails | 1 |  1.0
Polearms       | 1 |  1.0
Staves         | 1 |  1.0
Slings         | 1 |  1.0
Bows           | 1 |  1.0
Crossbows      | 1 |  1.0
Throwing       | 1 |  1.0
Dodging        | 1 |  1.0
Stealth        | 1 |  1.0
Unarmed Combat | 1 |  1.0
Spellcasting   | 1 |  1.0
Evocations     | 1 |  1.0
Fighting       | |  6.5
Short Blades   | |  4.6
Armour         | |  6.5
Shields        | |  6.5
Conjurations   | |  0.7
Hexes          | |  0.7
Summonings     | |  0.7
Necromancy     | |  0.7
Translocations | |  0.7
Transmutations | |  0.7
Fire Magic     | |  0.7
Ice Magic      | |  0.7
Air Magic      | |  0.7
Earth Magic    | |  0.7
Poison Magic   | |  0.7

Action                   |  1- 3 |  4- 6 || total
-------------------------+-------+-------++-------
Melee: Rapier            |   107 |     8 ||   115
       Bite              |    11 |     1 ||    12
  Use: Potion            |       |     1 ||     1
Armor: Scale mail        |    44 |     2 ||    46
Dodge: Dodged            |    24 |       ||    24
Block: Kite shield       |    49 |     7 ||    56
